 Dungeon Crawl Stone Soup version 0.31-a0-986-g5e6e4ef867 (webtiles) character file.

Game seed: 4487644884900227268

676 zazu2006 the Cudgeller (level 7, -3/56 HPs)
             Began as a Gnoll Wanderer on Nov 5, 2023.
             Was an Initiate of Vehumet.
             Slain by an orc warrior
             ... wielding a +0 short sword
              (5 damage)
             ... on level 5 of the Dungeon.
             The game lasted 00:11:46 (3833 turns).

zazu2006 the Cudgeller (Gnoll Wanderer)             Turns: 3833, Time: 00:11:46

Health: -3/56      AC:  4    Str: 12    XL:     7   Next: 60%
Magic:  6/12       EV: 27    Int: 13    God:    Vehumet [......]
Gold:   203        SH:  0    Dex: 17    Spells: 12/13 levels left

rFire   . . .        a - +2 mace
rCold   + . .        (no shield)
rNeg    . . .        z - +1 leather armour
rPois   .            (no helmet)
rElec   .            (no cloak)
rCorr   .            (no gloves)
SInv    .            (no boots)
Will    .....        y - amulet of the acrobat {o}
Stlth   ++           o - +6 ring of dexterity
HPRegen 0.29/turn    x - ring of protection from cold
MPRegen 0.13/turn

%: acrobat
@: acrobatic
A: fangs 1, strong nose, distributed training
a: Renounce Religion


You were on level 5 of the Dungeon.
You worshipped Vehumet.
Vehumet was noncommittal.
You visited 2 branches of the dungeon, and saw 6 of its levels.

You collected 203 gold pieces.

Inventory:

Hand Weapons
 a - a +2 mace (weapon)
 c - a +0 dagger
 r - a +2 dagger of freezing
Missiles
 b - 4 boomerangs (quivered)
 w - 2 poisoned darts
Armour
 e - a +0 robe
 z - a +1 leather armour (worn)
Jewellery
 o - a +6 ring of dexterity (left hand)
 t - a ring of resist corrosion
 x - a ring of protection from cold (right hand)
 y - an amulet of the acrobat (around neck) {o}
 D - an amulet of faith
Scrolls
 f - a scroll of vulnerability
 g - 2 scrolls of enchant armour
 h - a scroll of torment {unknown}
 k - a scroll of revelation {unknown}
 q - a scroll of poison {unknown}
 v - a scroll of teleportation {unknown}
 A - a scroll of identify {unknown}
Potions
 d - 2 potions of lignification
 i - a potion of degeneration {unknown}
 j - 2 potions of haste {unknown}
 l - 2 potions of might
 m - 2 potions of enlightenment {unknown}
 n - a potion of berserk rage {unknown}
 p - 3 potions of curing {unknown}
 s - 2 potions of magic {unknown}
 u - a potion of brilliance {unknown}
 B - a potion of heal wounds {unknown}
 C - a potion of mutation {unknown}


   Skills:
 + Level 5.3 Fighting
 + Level 2.6 Short Blades
 + Level 2.6 Long Blades
 + Level 2.6 Axes
 + Level 7.1 Maces & Flails
 + Level 2.6 Polearms
 + Level 2.6 Staves
 + Level 2.6 Ranged Weapons
 + Level 3.7 Throwing
 + Level 2.6 Armour
 + Level 2.6 Dodging
 + Level 2.6 Stealth
 + Level 2.6 Shields
 + Level 2.6 Unarmed Combat
 + Level 3.9 Spellcasting
 + Level 2.1 Conjurations
 + Level 5.9 Hexes
 + Level 2.1 Summonings
 + Level 2.1 Necromancy
 + Level 2.1 Translocations
 + Level 2.1 Transmutations
 + Level 2.1 Fire Magic
 + Level 2.1 Ice Magic
 + Level 2.1 Air Magic
 + Level 2.1 Earth Magic
 + Level 2.1 Poison Magic
 + Level 2.9 Invocations
 + Level 2.6 Evocations
 + Level 2.4 Shapeshifting


You had 12 spell levels left.
You knew the following spells:

 Your Spells              Type           Power      Damage    Failure   Level
a - Slow                  Hex            68%        N/A       2%          1

Your spell library contained the following spells:

 Spells                   Type           Power      Damage    Failure   Level
 Confusing Touch          Hex            17%        N/A       7%          3
 Ensorcelled Hibernation  Hex/Ice        26%        N/A       8%          2
 Passwall                 Tmut/Erth      6%         N/A       17%         2
 Swiftness                Air            8%         N/A       32%         3


Dungeon Overview and Level Annotations

Branches:
Dungeon (5/15)             Temple (1/1) D:5

Altars:
Ashenzari
Cheibriados
Dithmenos
Elyvilon
Fedhas
Hepliaklqana
Kikubaaqudgha
Makhleb
Okawaru
Qazlal
Sif Muna
Trog
Uskayaw
Vehumet
Wu Jian
Xom
Yredelemnul
Zin
The Shining One

Shops:
D:3 (

Annotations:
D:4 Duvessa


Innate Abilities, Weirdness & Mutations

You have very sharp teeth.
Your uncanny sense of smell can sniff out nearby items.
Your experience applies equally to all skills.


Message History

Press: ? - help, Shift-Dir - straight line, f/p - orc warrior
Aim: an orc warrior, wielding a +0 short sword and wearing a +0 chain mail (moderately wounded, chance to affect: 50%)
The orc warrior resists with some effort.
The orc warrior hits you with a +0 short sword.
* * * LOW HITPOINT WARNING * * *
Casting: Slow (safe; 2% risk of failure)
Confirm with . or Enter, or press ? or * to list all spells.
Aiming: Slow (safe; 2% risk of failure)
Press: ? - help, Shift-Dir - straight line, f/p - orc warrior
Aim: an orc warrior, wielding a +0 short sword and wearing a +0 chain mail (moderately wounded, chance to affect: 50%)
The orc warrior resists with some effort.
The orc warrior hits you but does no damage.
Unknown command.
Casting: Slow (safe; 2% risk of failure)
Confirm with . or Enter, or press ? or * to list all spells.
Aiming: Slow (safe; 2% risk of failure)
Press: ? - help, Shift-Dir - straight line, f/p - orc warrior
Aim: an orc warrior, wielding a +0 short sword and wearing a +0 chain mail (moderately wounded, chance to affect: 50%)
The orc warrior resists with some effort.
The orc warrior hits you but does no damage.
Unknown command.
Casting: Slow (safe; 2% risk of failure)
Confirm with . or Enter, or press ? or * to list all spells.
Aiming: Slow (safe; 2% risk of failure)
Press: ? - help, Shift-Dir - straight line, f/p - orc warrior
Aim: an orc warrior, wielding a +0 short sword and wearing a +0 chain mail (moderately wounded, chance to affect: 50%)
The orc warrior resists with some effort.
The orc warrior closely misses you.
Unknown command.
Casting: Slow (safe; 2% risk of failure)
Confirm with . or Enter, or press ? or * to list all spells.
Aiming: Slow (safe; 2% risk of failure)
Press: ? - help, Shift-Dir - straight line, f/p - orc warrior
Aim: an orc warrior, wielding a +0 short sword and wearing a +0 chain mail (moderately wounded, chance to affect: 50%)
The orc warrior seems to slow down.
The orc warrior hits you with a +0 short sword!
* * * LOW HITPOINT WARNING * * *
The orc warrior attacks as it pursues you!
The orc warrior hits you with a +0 short sword.
You die...

.#
#........########..#.##.##.#
..#
#..................#.....#.#
#.#
#...#.<............####..#.#
.#
#####..............###...#.#
.## #....................#.#
.# #.............#..>.....#
.# #.............##########
## #......o......'...# ###
#.......@.....###.# #.. .
######.#####'## #.#####.#
#.....[......# #.......#
#.###........# #########
#...'........#
#####........# ###
#........# #.. #........#
#.# #........# #.#


You could see an orc warrior (slow).

Vanquished Creatures
  A water moccasin (D:5)
  A phantom (D:5)
  A bullfrog (D:5)
  A scorpion (D:5)
  Dowan (D:4)
  2 hounds
  An iguana (D:5)
  An orc wizard (D:5)
  3 adders
  7 gnolls
  A white imp (D:5)
  3 worms
  4 dart slugs
  7 orcs
  14 endoplasms
  3 giant cockroaches (D:2)
  9 goblins
  6 hobgoblins
  7 jackals
  8 kobolds
  4 quokkas
  8 ball pythons
  6 bats
  2 frilled lizards
  4 rats
105 creatures vanquished.

Notes
Turn   | Place    | Note
-------+----------+-------------------------------------------
     0 | D:1      | zazu2006 the Gnoll Wanderer began the quest for the Orb.
     0 | D:1      | zazu2006 set off with the following items: a +2 mace, 6
                  | boomerangs, a +0 dagger, a potion of lignification, a +0
                  | robe; and the following spell memorised: Slow; and the
                  | following spells available to memorise: Confusing Touch.
     0 | D:1      | Reached XP level 1. HP: 20/20 MP: 4/4
   104 | D:1      | Reached XP level 2. HP: 10/26 MP: 3/5
   195 | D:1      | Found a faded altar of an unknown god.
   360 | D:1      | Reached XP level 3. HP: 29/31 MP: 7/7
   500 | D:2      | Reached skill level 1 in Invocations
   549 | D:2      | Reached skill level 1 in Short Blades
   549 | D:2      | Reached skill level 1 in Long Blades
   549 | D:2      | Reached skill level 1 in Axes
   549 | D:2      | Reached skill level 1 in Polearms
   549 | D:2      | Reached skill level 1 in Staves
   549 | D:2      | Reached skill level 1 in Ranged Weapons
   549 | D:2      | Reached skill level 1 in Armour
   549 | D:2      | Reached skill level 1 in Dodging
   549 | D:2      | Reached skill level 1 in Stealth
   549 | D:2      | Reached skill level 1 in Shields
   549 | D:2      | Reached skill level 1 in Unarmed Combat
   549 | D:2      | Reached skill level 1 in Evocations
   731 | D:2      | Reached XP level 4. HP: 36/38 MP: 6/8
   783 | D:2      | Reached skill level 1 in Shapeshifting
   934 | D:2      | Reached skill level 1 in Conjurations
   934 | D:2      | Reached skill level 1 in Summonings
   934 | D:2      | Reached skill level 1 in Necromancy
   934 | D:2      | Reached skill level 1 in Translocations
   934 | D:2      | Reached skill level 1 in Transmutations
   934 | D:2      | Reached skill level 1 in Fire Magic
   934 | D:2      | Reached skill level 1 in Ice Magic
   934 | D:2      | Reached skill level 1 in Air Magic
   934 | D:2      | Reached skill level 1 in Earth Magic
   934 | D:2      | Reached skill level 1 in Poison Magic
  1648 | D:3      | Reached XP level 5. HP: 43/43 MP: 9/9
  1689 | D:3      | Found Rocra's Weapon Shop.
  2372 | D:4      | Noticed Dowan
  2372 | D:4      | Noticed Duvessa
  2398 | D:4      | Killed Dowan
  2399 | D:4      | Reached XP level 6. HP: 28/50 MP: 9/11
  2485 | D:5      | Entered Level 5 of the Dungeon
  2552 | D:5      | Reached skill level 5 in Fighting
  2623 | D:5      | Found an ornate altar of the Wu Jian Council.
  2634 | D:5      | Found an ancient bone altar of Kikubaaqudgha.
  3267 | D:5      | Found a blossoming altar of Fedhas.
  3292 | D:5      | Reached skill level 7 in Maces & Flails
  3292 | D:5      | Reached XP level 7. HP: 39/56 MP: 12/12
  3536 | D:5      | Found a staircase to the Ecumenical Temple.
  3545 | Temple   | Entered the Ecumenical Temple
  3574 | Temple   | Became a worshipper of Vehumet
  3832 | D:5      | HP: 2/56 [orc warrior/+0 short sword (11)]
  3833 | D:5      | Slain by an orc warrior

Illustrated notes

Levels and vault maps discovered:
D:1:      dreamdust_arrival_beginning_and_end, layout_rooms,
          ebering_ecumenical_altar_hall
D:2:      layout_basic, item_on_display_a
D:3:      layout_loops_ring, serial_shops, nicolae_shop_crystal
D:4:      minmay_clustersquares, layout_rooms, nemelex_spade_bored_becter,
          uniq_duvessa
D:5:      layout_basic, mainiacjoe_overflow_swirl, grunt_temple_overflow_open,
          minmay_temple_entry_tees
Temple:   nicolae_temple_elliptical

Skill      XL: |  1  2  3  4  5  6  7 |
---------------+----------------------+-----
Invocations    | 1 2 |  2.9
Short Blades   | 1 2 |  2.6
Long Blades    | 1 2 |  2.6
Axes           | 1 2 |  2.6
Polearms       | 1 2 |  2.6
Staves         | 1 2 |  2.6
Ranged Weapons | 1 2 |  2.6
Armour         | 1 2 |  2.6
Dodging        | 1 2 |  2.6
Stealth        | 1 2 |  2.6
Shields        | 1 2 |  2.6
Unarmed Combat | 1 2 |  2.6
Evocations     | 1 2 |  2.6
Shapeshifting  | 1 2 |  2.4
Spellcasting   | 3 |  3.9
Conjurations   | 1 2 |  2.1
Summonings     | 1 2 |  2.1
Necromancy     | 1 2 |  2.1
Translocations | 1 2 |  2.1
Transmutations | 1 2 |  2.1
Fire Magic     | 1 2 |  2.1
Ice Magic      | 1 2 |  2.1
Air Magic      | 1 2 |  2.1
Earth Magic    | 1 2 |  2.1
Poison Magic   | 1 2 |  2.1
Throwing       | 3 |  3.7
Fighting       | 5 |  5.3
Maces & Flails | 7 |  7.1
Hexes          | |  5.9

Action                     |  1- 3 |  4- 6 |  7- 9 || total
---------------------------+-------+-------+-------++-------
  Melee: Mace              |    54 |   147 |    52 ||   253
         Bite              |     6 |    13 |     6 ||    25
         Punch             |     1 |     2 |     2 ||     5
  Throw: Boomerang         |    37 |    71 |     7 ||   115
         Dart              |       |     1 |       ||     1
   Cast: Slow              |    13 |     1 |    11 ||    25
    Use: Scroll            |       |       |     2 ||     2
         Potion            |       |       |     1 ||     1
   Stab: Sleeping          |       |     2 |       ||     2
 Armour: Robe              |    39 |    74 |    34 ||   147
         Leather armour    |       |       |    11 ||    11
  Dodge: Dodged            |    42 |   102 |    32 ||   176

Table legend: (Time is in decaauts)
 A = Elapsed time spent in this place.
 B = Non-inter-level travel time spent in this place.
 C = Inter-level travel time spent in this place.
 D = Time resting spent in this place.
 E = Time spent auto-exploring this place.
 F = Levels seen in this place.
 G = Mean time per level.
                   A        B        C        D        E       F      G
               +--------+--------+--------+--------+--------+-----+--------+
         Total |   3866 |   3743 |    123 |    544 |   2290 |   6 |  644.3 |
       Dungeon |   3809 |   3714 |     95 |    544 |   2290 |   5 |  761.8 |
        Temple |     57 |     29 |     28 |      0 |      0 |   1 |   57.0 |
               +--------+--------+--------+--------+--------+-----+--------+

Top non-repeatable levels by time:
     D:5: 1180 daAuts
     D:2: 811 daAuts
     D:3: 769 daAuts
     D:1: 597 daAuts
     D:4: 449 daAuts
  Temple: 57 daAuts
